 Dungeon Crawl Stone Soup version 0.20.0-10-g0535bb4 (webtiles) character file.

28730 Hikthur the Fighter (level 13, -12/88 HPs)
             Began as a Gargoyle Fighter on June 6, 2017.
             Was a High Priest of Okawaru.
             Mangled by an orc warrior
             ... wielding a +3 flail
              (23 damage)
             ... on level 1 of the Orcish Mines.
             The game lasted 00:59:06 (18423 turns).

Hikthur the Fighter (Gargoyle Fighter)             Turns: 18423, Time: 00:59:06

Health: -12/88     AC: 22    Str: 28    XL:     13   Next: 40%
Magic:  24/28      EV: 15    Int: 10    God:    Okawaru [*****.]
Gold:   988        SH: 15    Dex: 25    Spells: 12/12 levels left

rFire    + . .     SeeInvis .   r - +3 whip (elec)
rCold    + . .     Gourm    .   c - +0 shield
rNeg     + . .     Faith    .   B - +1 ring mail {rC+}
rPois    ∞         Spirit   .   (helmet restricted)
rElec    +         Reflect  .   G - scarf {repulsion}
rCorr    .         Harm     .   u - +2 pair of gloves {Dex+3}
MR       .....                  (no boots)
Stlth    +++.......             (no amulet)
Regen    0.3/turn               I - ring of Oduodahe {MP+9 Dex+6}
MPRegen  0.3/turn               o - ring "Diganih" {rF+ Dex+4}

@: mighty, heroism, finesse, repel missiles
A: antennae 1, talons 1, agile 1, negative energy resistance 1, electricity
resistance, unbreathing, petrification resistance, rot immunity, AC +9
a: Heroism, Finesse, Renounce Religion


You were on level 1 of the Orcish Mines.
You worshipped Okawaru.
Okawaru was extremely pleased with you.
You were not hungry.

You visited 4 branches of the dungeon, and saw 17 of its levels.
You also visited: Ice Cave.

You collected 1276 gold pieces.
You spent 288 gold pieces at shops.

Inventory:

Hand Weapons
 m - a +2 executioner's axe of electrocution
 r - a +3 whip of electrocution (weapon)
 L - a +3 great mace of crushing
Armour
 c - a +0 shield (worn)
 u - a +2 pair of gloves of dexterity (worn)
 B - a +1 ring mail of cold resistance (worn)
 G - a scarf of repulsion (worn)
Jewellery
 o - the ring "Diganih" (right hand) {rF+ Dex+4}
   (You took it off a centaur warrior on level 9 of the Dungeon)

   [ring of protection from fire]

   It affects your dexterity (+4).
   It protects you from fire.
 y - an uncursed ring of see invisible
 I - the ring of Oduodahe (left hand) {MP+9 Dex+6}
   (You found it on level 9 of the Dungeon)

   [ring of magical power]

   It affects your dexterity (+6).
   It affects your magic capacity (+9).
 Q - a cursed ring of loudness {unknown}
Wands
 b - a wand of flame (23/48)
 d - a wand of clouds (5/9)
 j - a wand of flame (21/48)
 k - a wand of flame (32/48)
 x - a wand of polymorph (13/24)
 D - a wand of disintegration (11/24)
 E - a wand of lightning (9/15)
 F - a wand of random effects (28/48)
Scrolls
 a - 3 scrolls of enchant weapon
 i - a scroll of teleportation
 n - 4 scrolls of fog
 p - 2 scrolls of remove curse
 K - a scroll of enchant armour
 M - a scroll of recharging
Potions
 e - 3 potions of flight
 l - a potion of agility {unknown}
 q - 3 potions of lignification
 w - 3 potions of brilliance
 O - a potion of ambrosia
 S - a potion of cancellation {unknown}
 T - a potion of mutation
 U - 2 potions of berserk rage {unknown}
 W - a potion of invisibility
Books
 v - a book of Cantrips

   Spells                             Type                      Level
   a - Confusing Touch                Hexes                        1
   b - Animate Skeleton               Necromancy                   1
   c - Summon Small Mammal            Summoning                    1
   d - Apportation                    Translocation                1
 z - a book of Frost

   Spells                             Type                      Level
   a - Freeze                         Ice                          1
   b - Throw Frost                    Conjuration/Ice              2
   c - Ozocubu's Armour               Charms/Ice                   3
   d - Throw Icicle                   Conjuration/Ice              4
   e - Summon Ice Beast               Ice/Summoning                4
 P - a book of Changes

   Spells                             Type                      Level
   a - Beastly Appendage              Transmutation                1
   b - Sticks to Snakes               Transmutation                2
   c - Spider Form                    Transmutation/Poison         3
   d - Ice Form                       Ice/Transmutation            4
   e - Blade Hands                    Transmutation                5
Comestibles
 f - 15 bread rations
 g - 2 meat rations
 h - 13 fruits
 t - 3 royal jellies


   Skills:
 - Level 13.0(18.0) Fighting
 - Level 6.1(14.4) Axes
 - Level 12.0(17.6) Maces & Flails
 - Level 10.0(15.0) Armour
 - Level 8.0(13.0) Shields
 + Level 8.8 Invocations


You had 12 spell levels left.
You didn't know any spells.

Dungeon Overview and Level Annotations

Branches:
Dungeon (11/15)            Temple (1/1) D:5            Lair (3/6) D:11
    Orc (2/2) D:10            Elf (0/3) Orc:2
  Swamp: Lair:2-4    Shoals: Lair:2-4     Snake: Lair:2-4    Spider: Lair:2-4

Altars:
Ashenzari
Cheibriados
Dithmenos
Elyvilon
Fedhas
Gozag
Hepliaklqana
Kikubaaqudgha
Makhleb
Nemelex Xobeh
Okawaru
Qazlal
Ru
Sif Muna
Trog
Uskayaw
Vehumet
Xom
Yredelemnul
Zin
The Shining One
Beogh

Shops:
D:9 *   Orc:2 *

Annotations:
D:11 exclusion: obsidian statue
Lair:1 exclusion: 2 oklob plants


Innate Abilities, Weirdness & Mutations

You are resistant to torment.
Your stone body is resilient. (AC +9)
You are immune to poison.
You resist negative energy. (rN+)
You are resistant to electric shocks. (rElec)
You can survive without breathing.
You are immune to petrification.
You are immune to rotting.
You have a pair of small antennae on your head.
You have sharp toenails.
You are agile. (Dex +2)


Message History

You claw the orc warrior, but do no damage.
The orc warrior is severely wounded.
You whack the orc warrior!
Lightning courses through the orc warrior!
You kill the orc warrior!
Okawaru accepts your kill.
You barely miss the orc warrior.
You hit the orc warrior but do no damage.
Your kick misses the orc warrior.
The orc warrior hits you with an enchanted flail!
* * * LOW HITPOINT WARNING * * *
You hit the orc warrior.
You claw the orc warrior, but do no damage.
The orc warrior is lightly wounded.
You closely miss the orc warrior. Your kick misses the orc warrior.
The orc warrior is lightly wounded.
Okay, then.
You feel very mighty all of a sudden.
The orc warrior hits you with an enchanted flail!!
You die...

### ##.## ##...#
##....###
##.......####
##.....@...#.##
##.......o)....#
##.#......)>)#.##
#......##..†.#.##
#......##.#.....#
##.....#.......##
##.#..##......##
#.#........##.##
##.............#


You could see an orc warrior.

Vanquished Creatures
  An orc warlord (Orc:2)
  A stone giant (Orc:1)
  2 hydras
  2 centaur warriors (D:9)
  Nergalle (D:11)
  An unseen horror (D:10)
  An orc knight (Orc:2)
  Pikel (D:4)
  A deep elf mage (D:11)
  2 ugly things
  2 orc sorcerers
  Joseph (D:7)
  3 black mambas (Lair:2)
  An ice statue (IceCv)
  A rime drake (Lair:1)
  3 spiny frogs
  3 komodo dragons
  A rime drake (shapeshifter) (D:9)
  2 trolls (Orc:1)
  2 blink frogs
  4 hippogriffs
  13 yaks
  A wyvern (D:10)
  3 basilisks
  A steam dragon (D:9)
  3 wargs
  8 water moccasins
  2 porcupines
  17 ice beasts
  17 orc warriors
  2 sky beasts (D:9)
  2 phantoms
  2 black bears
  3 necrophages
  3 wolves (Lair:3)
  4 centaurs
  An eye of draining (D:11)
  9 ogres
  3 crocodiles
  2 big kobolds (D:11)
  Blork the orc (D:6)
  7 bullfrogs
  A gnoll sergeant (D:9)
  A wyvern skeleton (D:9)
  4 scorpions
  4 killer bees (D:11)
  16 wights
  A howler monkey (D:9)
  A bullfrog zombie (D:9)
  3 centaur zombies
  15 crimson imps
  A quasit (D:10)
  11 hounds
  2 gnoll shamans (D:9)
  14 orc priests
  3 centaur skeletons
  4 bullfrog skeletons
  2 jellies
  18 orc wizards
  3 iguanas
  4 worker ants
  A hound zombie (D:7)
  2 hound skeletons
  Robin (D:3)
  21 gnolls
  A howler monkey skeleton (D:7)
  6 adders
  4 shadow imps
  3 adder zombies
  A worm (D:2)
  A dart slug (D:1)
  7 leopard geckos
  80 orcs
  3 bats
  6 giant cockroaches
  17 goblins
  9 hobgoblins
  16 jackals
  2 quokkas
  A ball python (D:1)
  3 frilled lizards
  7 kobolds
  A quokka skeleton (D:6)
  2 quokka zombies
  2 rats (D:2)
445 creatures vanquished.

Vanquished Creatures (others)
  A slave (D:4)
  4 fungi
  5 plants
10 creatures vanquished.

Grand Total: 455 creatures vanquished

Notes
Turn   | Place    | Note
-------+----------+-------------------------------------------
     0 | D:1      | Hikthur the Gargoyle Fighter began the quest for the Orb.
     0 | D:1      | Reached XP level 1. HP: 14/14 MP: 1/1
    70 | D:1      | Reached XP level 2. HP: 17/19 MP: 2/2
   498 | D:1      | Reached XP level 3. HP: 18/23 MP: 3/3
  1500 | D:2      | Reached skill level 4 in Fighting
  1500 | D:2      | Reached XP level 4. HP: 27/29 MP: 4/4
  1580 | D:2      | Found a deep blue altar of Sif Muna.
  1795 | D:2      | Found a white marble altar of Elyvilon.
  1988 | D:3      | Found a sparkling altar of Nemelex Xobeh.
  2420 | D:3      | Reached XP level 5. HP: 31/33 MP: 5/5
  2447 | D:3      | Noticed Robin
  2526 | D:3      | Killed Robin
  2723 | D:3      | Reached skill level 5 in Shields
  2723 | D:3      | Reached XP level 6. HP: 36/39 MP: 6/6
  3207 | D:4      | Reached skill level 5 in Fighting
  3590 | D:4      | Noticed a slave
  3591 | D:4      | Noticed a slave
  3591 | D:4      | Noticed a slave
  3591 | D:4      | Noticed Pikel
  3652 | D:4      | Killed Pikel
  3652 | D:4      | Reached skill level 6 in Fighting
  3652 | D:4      | Reached skill level 5 in Maces & Flails
  3652 | D:4      | Reached XP level 7. HP: 47/47 MP: 7/7
  3652 | D:4      | Reached XP level 8. HP: 52/52 MP: 8/8
  3817 | D:5      | Entered Level 5 of the Dungeon
  3874 | D:5      | Reached skill level 7 in Fighting
  3947 | D:5      | Found a radiant altar of Vehumet.
  4263 | D:5      | Found a staircase to the Ecumenical Temple.
  4348 | Temple   | Entered the Ecumenical Temple
  4377 | Temple   | Became a worshipper of Warmaster Okawaru
  4603 | D:6      | Noticed Blork the orc
  4623 | D:6      | Killed Blork the orc
  5243 | D:7      | Noticed Joseph
  5434 | D:6      | Found a shadowy altar of Dithmenos.
  5486 | D:6      | Reached * piety under Okawaru
  5830 | D:6      | Reached XP level 9. HP: 55/57 MP: 9/9
  6221 | D:7      | Killed Joseph
  6341 | D:7      | Found a stormy altar of Qazlal.
  6464 | D:7      | Reached skill level 10 in Maces & Flails
  6861 | D:6      | Reached ** piety under Okawaru
  7489 | D:8      | Found a glowing silver altar of Zin.
  7760 | D:8      | Reached XP level 10. HP: 63/63 MP: 10/10
  7763 | D:8      | Noticed a two-headed ogre
  8091 | D:9      | Reached skill level 1 in Invocations
  8119 | D:9      | Reached *** piety under Okawaru
  8657 | D:9      | Reached skill level 5 in Armour
  8961 | D:9      | Noticed a centaur warrior
  8979 | D:9      | Killed a centaur warrior
  8981 | D:9      | Got a coiled marble ring
  8984 | D:9      | Identified the ring "Diganih" {rF+ Dex+4} (You took it off a centaur warrior on level 9 of the Dungeon)
  9052 | D:9      | Noticed a four-headed hydra
  9061 | D:9      | Killed a four-headed hydra
  9061 | D:9      | Reached **** piety under Okawaru
  9128 | D:9      | Noticed a centaur warrior
  9189 | D:9      | Killed a centaur warrior
  9189 | D:9      | Reached XP level 11. HP: 35/67 MP: 10/13
  9279 | D:9      | Got a heavily runed brass ring
  9283 | D:9      | Identified the ring of Ethroc {*Corrode rPois AC+4 Dex+3 Slay+2} (You took it off a centaur warrior on level 9 of the Dungeon)
  9313 | D:9      | Got a fine brass ring
  9315 | D:9      | Identified the ring of Mesium {Fire *Contam rN+ Stlth+} (You found it on level 9 of the Dungeon)
  9324 | D:9      | Got a bound granite ring
  9325 | D:9      | Identified the ring of Oduodahe {MP+9 Dex+6} (You found it on level 9 of the Dungeon)
  9331 | D:9      | Gained mutation: Scrolls take you a little longer to read. [mutagenic glow]
  9335 | D:9      | Lost mutation: Scrolls take you a little longer to read. [potion of mutation]
  9335 | D:9      | Gained mutation: You have a pair of small antennae on your head. [potion of mutation]
  9335 | D:9      | Gained mutation: You are agile. (Dex +2) [potion of mutation]
  9335 | D:9      | Gained mutation: You have sharp toenails. [potion of mutation]
  9405 | D:9      | Reached skill level 10 in Armour
  9666 | D:9      | Reached skill level 8 in Fighting
  9764 | D:9      | Found Hograwodgh's Assorted Antiques.
  9779 | D:9      | Bought a scroll labeled NIGEEX AHOGRI for 30 gold pieces
  9779 | D:9      | Bought an ancient robe for 171 gold pieces
  9779 | D:9      | Bought a scroll of identify for 60 gold pieces
  9779 | D:9      | Bought a yellow potion for 27 gold pieces
  9790 | D:9      | Identified the +1 robe of Wariness {Dex+4 Slay+3} (You bought it in a shop on level 9 of the Dungeon)
 10142 | D:10     | Entered Level 10 of the Dungeon
 10411 | D:10     | Found a staircase to the Orcish Mines.
 10444 | Orc:1    | Entered Level 1 of the Orcish Mines
 10444 | Orc:1    | Noticed a stone giant
 10518 | D:10     | Reached ***** piety under Okawaru
 10518 | D:10     | Reached skill level 9 in Fighting
 10746 | D:10     | Noticed an unseen horror
 10752 | D:10     | Killed an unseen horror
 10752 | D:10     | Received a gift from Okawaru
 11324 | D:11     | Noticed Nergalle
 11343 | D:11     | Killed Nergalle
 11343 | D:11     | Reached skill level 10 in Fighting
 11343 | D:11     | Reached skill level 1 in Axes
 11491 | D:11     | Noticed a deep elf mage
 11565 | D:11     | Noticed an obsidian statue
 11890 | D:11     | Killed a deep elf mage
 12206 | D:11     | Noticed a purple ugly thing
 12218 | D:11     | Killed a purple ugly thing
 12356 | D:11     | Received a gift from Okawaru
 12368 | D:11     | Found a staircase to the Lair.
 12636 | D:11     | Reached skill level 11 in Fighting
 12636 | D:11     | Reached XP level 12. HP: 80/80 MP: 14/14
 12759 | Lair:1   | Entered Level 1 of the Lair of Beasts
 12884 | Lair:1   | Reached skill level 5 in Axes
 13731 | Lair:2   | Found a frozen archway.
 13776 | IceCv    | Entered an ice cave
 14080 | IceCv    | Reached skill level 12 in Fighting
 14542 | Lair:2   | Received a gift from Okawaru
 14643 | Lair:2   | Noticed a four-headed hydra
 14650 | Lair:2   | Killed a four-headed hydra
 14990 | Lair:2   | Reached skill level 13 in Fighting
 15755 | Lair:3   | Received a gift from Okawaru
 15765 | Lair:3   | Found a shimmering altar of Xom.
 15887 | Lair:3   | Noticed a death yak
 15888 | Lair:3   | Noticed a death yak
 15888 | Lair:3   | Noticed a death yak
 15889 | Lair:3   | Noticed a death yak
 15889 | Lair:3   | Noticed a death yak
 16222 | D:10     | Reached XP level 13. HP: 88/88 MP: 15/15
 16281 | Orc:1    | Killed a stone giant
 16281 | Orc:1    | Reached skill level 5 in Invocations
 16507 | Orc:2    | Entered Level 2 of the Orcish Mines
 16778 | Orc:2    | Found a roughly hewn altar of Beogh.
 17255 | Orc:2    | Found a roughly hewn altar of Beogh.
 17269 | Orc:2    | Found Fott's General Store.
 17704 | Orc:2    | Found a roughly hewn altar of Beogh.
 17902 | Orc:2    | Found a staircase to the Elven Halls.
 18321 | Orc:2    | Noticed an orc warlord
 18406 | Orc:2    | Killed an orc warlord
 18423 | Orc:1    | Mangled by an orc warrior

Skill      XL: |  1  2  3  4  5  6  7  8  9 10 11 12 13 |
---------------+----------------------------------------+-----
Fighting       | 4 6 7 11 13 | 13.0
Shields        | 4 5 8 |  8.0
Armour         | 4 9 10 | 10.0
Maces & Flails | 3 5 8 11 12 | 12.0
Invocations    | 3 8 |  8.8
Axes           | 4 6 |  6.1

Action                   |  1- 3 |  4- 6 |  7- 9 | 10-12 | 13-15 || total
-------------------------+-------+-------+-------+-------+-------++-------
Melee: Flail             |   183 |    52 |       |       |       ||   235
       Whip              |       |   173 |   345 |   999 |   326 ||  1843
       Kick              |       |       |       |   392 |   161 ||   553
       Great mace        |       |       |       |     6 |       ||     6
Invok: Heroism           |       |       |     1 |     6 |     2 ||     9
       Finesse           |       |       |       |       |     1 ||     1
Evoke: Wand              |       |       |       |     1 |       ||     1
  Use: Potion            |       |     2 |       |     8 |     1 ||    11
       Scroll            |       |       |    10 |    20 |       ||    30
 Stab: Sleeping          |       |       |       |     2 |       ||     2
       Distracted        |       |       |       |     1 |       ||     1
  Eat: Chunk             |     1 |     8 |    13 |    11 |     7 ||    40
       Meat ration       |       |       |       |     3 |       ||     3
       Royal jelly       |       |       |       |     1 |       ||     1
Armor: Scale mail        |   123 |   113 |    44 |       |       ||   280
       Ring mail         |       |       |    52 |   276 |    52 ||   380
Dodge: Dodged            |    75 |    55 |    52 |   207 |    62 ||   451
       Deflected         |       |       |       |    10 |     2 ||    12
Block: Shield            |   120 |    98 |   102 |   359 |   114 ||   793
